 Dungeon Crawl Stone Soup version 0.31.0-2-g5a2aebc5c2 (webtiles) character file.

Game seed: 9265697875273246545

92 Aviak the Apothecary (level 4, -6/32 HPs)
             Began as a Gnoll Alchemist on Jan 20, 2024.
             Mangled by a sleepcap (9 damage)
             ... on level 2 of the Dungeon.
             The game lasted 00:02:53 (2228 turns).

Aviak the Apothecary (Gnoll Alchemist)              Turns: 2228, Time: 00:02:54

Health: -6/32      AC:  2    Str:  8    XL:     4   Next: 60%
Magic:  3/11       EV:  2    Int: 22    God:
Gold:   111        SH:  0    Dex: 12    Spells: 12/13 levels left

rFire   . .          .
                       - Unarmed
rCold   . . .        (no shield)
rNeg    . . .        a - +0 robe
rPois   .            (no helmet)
rElec   .            (no cloak)
rCorr   .            (no gloves)
SInv    .            (no boots)
Will    +....        (no amulet)
Stlth   ++           k - +6 ring of intelligence
HPRegen 0.25/turn    (no ring)
MPRegen 0.12/turn

%: no passive effects
@: sleeping, enlightened, flying
A: fangs 1, strong nose, distributed training
a: no special abilities


You were on level 2 of the Dungeon.
You visited 1 branch of the dungeon, and saw 3 of its levels.

You collected 111 gold pieces.

Inventory:

Armour
 a - a +0 robe (worn)
Jewellery
 k - a +6 ring of intelligence (left hand)
Talismans
 e - a flux talisman
Scrolls
 f - a scroll of noise {unknown}
 i - a scroll of identify {unknown}
 l - 2 scrolls of fear {unknown}
 m - a scroll of silence {unknown}
 n - a scroll of brand weapon {unknown}
Potions
 b - a potion of magic
 g - a potion of attraction {unknown}
 h - a potion of curing {unknown}
 j - a potion of lignification {unknown}
 o - a potion of ambrosia {unknown}


   Skills:
 + Level 1.2 Fighting
 + Level 1.2 Short Blades
 + Level 1.2 Long Blades
 + Level 1.2 Axes
 + Level 1.2 Maces & Flails
 + Level 1.2 Polearms
 + Level 1.2 Staves
 + Level 1.2 Ranged Weapons
 + Level 1.2 Throwing
 + Level 1.2 Armour
 + Level 4.7 Dodging
 + Level 4.3 Stealth
 + Level 1.2 Shields
 + Level 1.2 Unarmed Combat
 + Level 5.1 Spellcasting
 + Level 2.3 Conjurations
 + Level 1.0 Hexes
 + Level 1.0 Summonings
 + Level 1.0 Necromancy
 + Level 1.0 Translocations
 + Level 1.0 Fire Magic
 + Level 1.0 Ice Magic
 + Level 1.0 Air Magic
 + Level 1.0 Earth Magic
 + Level 5.5 Alchemy
 + Level 1.3 Invocations
 + Level 1.2 Evocations
 + Level 1.1 Shapeshifting


You had 12 spell levels left.
You knew the following spells:

 Your Spells              Type           Power      Damage    Failure   Level
a - Sting                 Conj/Alch      88%        1d8       1%          1

Your spell library contained the following spells:

 Spells                   Type           Power      Damage    Failure   Level
 Mercury Vapours          Alch/Air       38%        N/A       4%          2
 Mephitic Cloud           Conj/Alch/Air  18%        N/A       9%          3
 Olgreb's Toxic Radiance  Alch           29%        N/A       11%         4
 Sticky Flame             Fire/Alch      19%        2d6       26%         4


Dungeon Overview and Level Annotations

Branches:
Dungeon (3/15)

Altars:

Annotations:
D:3 Sigmund


Innate Abilities, Weirdness & Mutations

You have very sharp teeth.
Your uncanny sense of smell can sniff out nearby items.
Your experience applies equally to all skills.


Message History

Sigmund casts a spell at you. The puff of flame misses you.
Sigmund gestures at you while chanting. You resist with some effort.
You feel yourself speed up.
Sigmund gestures wildly while chanting.
Sigmund flickers and vanishes!
Deactivating autopickup; reactivate with Ctrl-A.
The sleepcap attacks as it pursues you! The sleepcap closely misses you.
Found a stone staircase leading down.
The sleepcap attacks as it pursues you! The sleepcap closely misses you.
The sleepcap attacks as it pursues you! The sleepcap releases spores at you.
The sleepcap attacks as it pursues you! The sleepcap releases spores at you.
You are engulfed in a cloud of soporific spores!
You fall asleep.
The sleepcap releases spores at you!!
You wake up.
Ouch! That really hurt!
* * * LOW HITPOINT WARNING * * *
You are engulfed in a cloud of soporific spores!
You are unaffected.
Unknown command.
Unknown command.
Unknown command.
There is a stone staircase leading up here.
Something completely misses you. The sleepcap releases spores at you.
* * * LOW HITPOINT WARNING * * *
You are engulfed in a cloud of soporific spores!
You are unaffected.
You climb upwards.
Reactivating autopickup.
There is a stone staircase leading down here.
It was a potion of enlightenment.
You feel very buoyant.
You fly up into the air.
The sleepcap completely misses you.
You completely miss the sleepcap. The sleepcap releases spores at you.
* * * LOW HITPOINT WARNING * * *
You are engulfed in a cloud of soporific spores!
You fall asleep.
The sleepcap releases spores at you!
You die...

#.##...#########.##.#
#.####..#...# #.##.# #.#
##.'...# #.##.# #.#######...##
#.##.# #............###.##.#
#########.....##.##.#
#.....##.##.#####
####..##........# ####
#..@..#.####.# ...#####
#.#f#.#.# #.# .......# #.#.#...#
#.# .......# #.#.########.#
.......# #............# ..†....#
#.#.########## .......# ###.#
##.##### #.#
##.#############.###############


You could see a sleepcap.

Vanquished Creatures
  Jessica (D:3)
  2 adders (D:2)
  A dart slug (D:1)
  3 endoplasms (D:1)
  A giant cockroach (D:2)
  5 goblins
  4 hobgoblins
  4 jackals (D:3)
  4 kobolds
  3 quokkas
  4 ball pythons
  4 bats
  2 frilled lizards (D:1)
  7 rats
45 creatures vanquished.

Notes
Turn   | Place    | Note
-------+----------+-------------------------------------------
     0 | D:1      | Aviak the Gnoll Alchemist began the quest for the Orb.
     0 | D:1      | Reached XP level 1. HP: 13/13 MP: 6/6
   219 | D:1      | Reached XP level 2. HP: 14/19 MP: 1/7
  1049 | D:1      | Reached skill level 5 in Spellcasting
  1049 | D:1      | Reached XP level 3. HP: 22/25 MP: 5/9
  1338 | D:2      | Reached skill level 1 in Invocations
  1600 | D:2      | Reached skill level 1 in Fighting
  1600 | D:2      | Reached skill level 1 in Short Blades
  1600 | D:2      | Reached skill level 1 in Long Blades
  1600 | D:2      | Reached skill level 1 in Axes
  1600 | D:2      | Reached skill level 1 in Maces & Flails
  1600 | D:2      | Reached skill level 1 in Polearms
  1600 | D:2      | Reached skill level 1 in Staves
  1600 | D:2      | Reached skill level 1 in Ranged Weapons
  1600 | D:2      | Reached skill level 1 in Throwing
  1600 | D:2      | Reached skill level 1 in Armour
  1600 | D:2      | Reached skill level 1 in Shields
  1600 | D:2      | Reached skill level 1 in Unarmed Combat
  1600 | D:2      | Reached skill level 1 in Evocations
  1928 | D:2      | Reached skill level 1 in Shapeshifting
  1928 | D:2      | Reached XP level 4. HP: 32/32 MP: 9/11
  2192 | D:3      | Noticed Jessica
  2199 | D:3      | Noticed Sigmund
  2204 | D:3      | Killed Jessica
  2205 | D:3      | Reached skill level 1 in Hexes
  2205 | D:3      | Reached skill level 1 in Summonings
  2205 | D:3      | Reached skill level 1 in Necromancy
  2205 | D:3      | Reached skill level 1 in Translocations
  2205 | D:3      | Reached skill level 1 in Fire Magic
  2205 | D:3      | Reached skill level 1 in Ice Magic
  2205 | D:3      | Reached skill level 1 in Air Magic
  2205 | D:3      | Reached skill level 1 in Earth Magic
  2228 | D:2      | Mangled by a sleepcap

Illustrated notes

Levels and vault maps discovered:
D:1:      ebering_trefoil_3fold, layout_loops_corners
D:2:      layout_basic
D:3:      layout_rooms, shapermc_ecumenical_altar_mp_ritualfount,
          grunt_ministairs_4, uniq_sigmund, uniq_jessica,
          uniq_crazy_yiuf_cottage

Skill      XL: |  1  2  3  4 |
---------------+-------------+-----
Conjurations   | 2 |  2.3
Spellcasting   | 5 |  5.1
Invocations    | 1 |  1.3
Fighting       | 1 |  1.2
Short Blades   | 1 |  1.2
Long Blades    | 1 |  1.2
Axes           | 1 |  1.2
Maces & Flails | 1 |  1.2
Polearms       | 1 |  1.2
Staves         | 1 |  1.2
Ranged Weapons | 1 |  1.2
Throwing       | 1 |  1.2
Armour         | 1 |  1.2
Shields        | 1 |  1.2
Unarmed Combat | 1 |  1.2
Evocations     | 1 |  1.2
Shapeshifting  | 1 |  1.1
Hexes          | 1 |  1.0
Summonings     | 1 |  1.0
Necromancy     | 1 |  1.0
Translocations | 1 |  1.0
Fire Magic     | 1 |  1.0
Ice Magic      | 1 |  1.0
Air Magic      | 1 |  1.0
Earth Magic    | 1 |  1.0
Dodging        | |  4.7
Stealth        | |  4.3
Alchemy        | |  5.5

Action                     |  1- 3 |  4- 6 || total
---------------------------+-------+-------++-------
  Melee: Unarmed           |    18 |     2 ||    20
         Bite              |     1 |       ||     1
   Cast: Sting             |    79 |    13 ||    92
    Use: Potion            |       |     2 ||     2
   Stab: Sleeping          |     1 |       ||     1
 Armour: Robe              |    21 |    17 ||    38
  Dodge: Dodged            |    36 |    16 ||    52
